 Dungeon Crawl Stone Soup version 0.30-a0-782-ge64f9170bb (webtiles) character file.

Game seed: 4890729787649136306

198 112233 the Magician (level 5, -9/28 HPs)
             Began as a Deep Elf Air Elementalist on Mar 2, 2023.
             Mangled by an ogre
             ... wielding a +0 giant spiked club
              (36 damage)
             ... on level 4 of the Dungeon.
             The game lasted 00:05:35 (2691 turns).

112233 the Magician (Deep Elf Air Elementalist)     Turns: 2691, Time: 00:05:36

Health: -9/28      AC:  3    Str:  5    XL:     5   Next: 47%
Magic:  0/13       EV: 13    Int: 22    God:
Gold:   78         SH:  0    Dex: 15    Spells: 5/12 levels left

rFire   . . .      SeeInvis .    d - +0 whip
rCold   . . .      Faith    .    (no shield)
rNeg    . . .      Spirit   .    a - +0 robe
rPois   .          Reflect  .    (no helmet)
rElec   .          Harm     .    f - +0 cloak
rCorr   .          Rampage  .    (no gloves)
Will    .....                    (no boots)
Stlth   +++                      (no amulet)
HPRegen 0.24/turn                (no ring)
MPRegen 0.13/turn                (no ring)

@: very slightly contaminated
A: no striking features
a: no special abilities


You were on level 4 of the Dungeon.
You visited 1 branch of the dungeon, and saw 4 of its levels.

You collected 78 gold pieces.

Inventory:

Hand Weapons
 d - a +0 whip (weapon)
 k - a +0 dagger of draining
Armour
 a - a +0 robe (worn)
 f - a +0 cloak (worn)
Scrolls
 c - 3 scrolls of identify {unknown}
 e - a scroll of amnesia {unknown}
 g - a scroll of poison {unknown}
 h - a scroll of enchant armour {unknown}
 i - a scroll of teleportation {unknown}
 p - a scroll of immolation {unknown}
Potions
 b - a potion of magic
 j - a potion of curing {unknown}
 l - 2 potions of degeneration {unknown}
 m - a potion of might {unknown}
 n - 3 potions of berserk rage {unknown}
 o - a potion of heal wounds {unknown}


   Skills:
 + Level 3.8 Dodging
 - Level 3.8 Stealth
 + Level 4.3 Spellcasting
 + Level 2.8 Conjurations
 + Level 3.9 Air Magic


You had 5 spell levels left.
You knew the following spells:

 Your Spells              Type           Power      Damage    Failure   Level
a - Shock                 Conj/Air       76%        1d7       2%          1
b - Static Discharge      Conj/Air       38%        2-4/arc   4%          2
c - Airstrike             Air            10%        2d(2-18)  22%         4

Your spell library contained the following spells:

 Spells                   Type           Power      Damage    Failure   Level
 Swiftness                Air            21%        N/A       7%          3
 Leda's Liquefaction      Hex/Erth       2%         N/A       73%         4
 Lee's Rapid Deconstruct  Erth           2%         3d4*      97%         5
 Statue Form              Tmut/Erth      2%         N/A       100%        6


Dungeon Overview and Level Annotations

Branches:
Dungeon (4/15)
 Temple: D:4-7

Altars:
Okawaru

Annotations:
D:1 exclusion: downstairs


Message History

The zap hits the ogre.
The ogre is lightly wounded.
Casting: Shock (safe; 2% risk of failure)
Confirm with . or Enter, or press ? or * to list all spells.
Aiming: Shock (safe; 2% risk of failure)
Press: ? - help, Shift-Dir - straight line, f/p - ogre
Aim: an ogre, wielding a +0 giant spiked club (lightly wounded, 86% to hit)
The zap hits the ogre.
The ogre is moderately wounded.
Casting: Shock (safe; 2% risk of failure)
Confirm with . or Enter, or press ? or * to list all spells.
Aiming: Shock (safe; 2% risk of failure)
Press: ? - help, Shift-Dir - straight line, f/p - ogre
Aim: an ogre, wielding a +0 giant spiked club (moderately wounded, 86% to hit)
The zap hits the ogre.
The ogre is heavily wounded.
Casting: Shock (safe; 2% risk of failure)
Confirm with . or Enter, or press ? or * to list all spells.
Aiming: Shock (safe; 2% risk of failure)
Press: ? - help, Shift-Dir - straight line, f/p - ogre
Aim: an ogre, wielding a +0 giant spiked club (heavily wounded, 86% to hit)
The zap hits the ogre.
The ogre is severely wounded.
Casting: Shock (safe; 2% risk of failure)
Confirm with . or Enter, or press ? or * to list all spells.
You miscast Static Discharge.
You are very lightly contaminated with residual magic.
Nothing appears to happen.
The ogre barely misses you.
Casting: Static Discharge (safe; 4% risk of failure)
Confirm with . or Enter, or press ? or * to list all spells.
The ogre is struck by an arc of lightning.
The ogre is severely wounded.
You are struck by an arc of lightning.
The lightning grounds out.
The ogre closely misses you.
Unknown command.
You hit the ogre.
The ogre is almost dead.
The ogre hits you with a +0 giant spiked club!!!
Ouch! That really hurt!
You die...

...#.# #.#
####.## #.#
#...# #.#
###...# #)#
......# #.#
......# #)#
......# #.#
......# #O#
...#### #@#
...##### #.#
.......#
###.#
.......#
####...#
.......#
#....###
.......#
##.####
.......#
#..#
.......#
#.##
###....###.#


You could see an ogre.

Vanquished Creatures
  2 orc priests
  An orc wizard (D:3)
  A gnoll (D:1)
  3 adders (D:3)
  9 orcs (D:3)
  9 ball pythons
  8 bats
  9 endoplasms
  4 giant cockroaches
  2 goblins
  4 hobgoblins
  2 jackals (D:1)
  3 quokkas
  2 frilled lizards (D:1)
  4 kobolds
  3 rats
  A spectral kobold (D:2)
67 creatures vanquished.

Notes
Turn   | Place    | Note
-------+----------+-------------------------------------------
     0 | D:1      | 112233 the Deep Elf Air Elementalist began the quest for
                  | the Orb.
     0 | D:1      | Reached XP level 1. HP: 10/10 MP: 6/6
   226 | D:1      | Reached XP level 2. HP: 15/15 MP: 2/8
   704 | D:1      | Reached XP level 3. HP: 19/19 MP: 7/9
  1263 | D:2      | Noticed an ogre
  1312 | D:2      | Found a faded altar of an unknown god.
  1436 | D:3      | Reached XP level 4. HP: 21/24 MP: 4/11
  1692 | D:3      | Reached skill level 4 in Spellcasting
  1846 | D:3      | Reached XP level 5. HP: 28/28 MP: 11/13
  2007 | D:3      | Learned a level 2 spell: Static Discharge
  2012 | D:3      | Learned a level 4 spell: Airstrike
  2532 | D:4      | Found an iron altar of Okawaru.
  2678 | D:4      | Noticed an ogre
  2691 | D:4      | Mangled by an ogre

Illustrated notes

Levels and vault maps discovered:
D:1:      minmay_arrival_jagged, layout_loops_cross
D:2:      layout_loops_ring, dreamdust_ecumenical_altar_drowned_temple
D:3:      layout_basic
D:4:      layout_basic, okawaru_trees_2

Skill      XL: |  1  2  3  4 |
---------------+-------------+-----
Stealth        | 3 |  3.8
Conjurations   | 2 |  2.8
Dodging        | 3 |  3.8
Spellcasting   | 4 |  4.3
Air Magic      | |  3.9

Action                     |  1- 3 |  4- 6 || total
---------------------------+-------+-------++-------
  Melee: Unarmed           |     1 |       ||     1
         Whip              |     4 |     1 ||     5
   Cast: Shock             |    79 |    66 ||   145
         Static Discharge  |       |     2 ||     2
 Armour: Robe              |     8 |     4 ||    12
  Dodge: Dodged            |    18 |     7 ||    25

Table legend: (Time is in decaauts)
 A = Elapsed time spent in this place.
 B = Non-inter-level travel time spent in this place.
 C = Inter-level travel time spent in this place.
 D = Time resting spent in this place.
 E = Time spent auto-exploring this place.
 F = Levels seen in this place.
 G = Mean time per level.
                   A        B        C        D        E       F      G
               +--------+--------+--------+--------+--------+-----+--------+
         Total |   2694 |   2601 |     93 |    202 |   2059 |   4 |  673.5 |
       Dungeon |   2694 |   2601 |     93 |    202 |   2059 |   4 |  673.5 |
               +--------+--------+--------+--------+--------+-----+--------+

Top non-repeatable levels by time:
     D:1: 1166 daAuts
     D:3: 1136 daAuts
     D:2: 206 daAuts
     D:4: 185 daAuts
